 Dungeon Crawl Stone Soup version 0.30.1-9-gdf580d7c3d (webtiles) character file.

Game seed: 9131233199477190075

8640 Ironcache the Grappler (level 11, -2/107 HPs)
             Began as a Troll Gladiator on Oct 6, 2023.
             Was an Elder of Okawaru.
             Slain by Erolcha
             ... wielding a +0 giant spiked club
              (25 damage)
             ... on level 10 of the Dungeon.
             The game lasted 00:34:06 (10087 turns).

Ironcache the Grappler (Troll Gladiator)           Turns: 10087, Time: 00:34:06

Health: -2/107     AC:  7    Str: 28    XL:     11   Next: 12%
Magic:  7/12       EV: 13    Int:  4    God:    Okawaru [****..]
Gold:   394        SH:  0    Dex: 11    Spells: 10/10 levels left

rFire   . .          .
                       - Unarmed
rCold   . . .        (no shield)
rNeg    . . .        a - +0 robe
rPois   .            b - +0 hat
rElec   .            y - +1 cloak {Will+}
rCorr   .            (gloves unavailable)
SInv    .            (boots unavailable)
Will    +....        (no amulet)
Stlth   +++          (no ring)
HPRegen 1.17/turn    (no ring)
MPRegen 0.13/turn

%: no passive effects
@: mighty, heroic, attractive
A: large, unfitting armour, claws 3, regeneration 1, shaggy fur 1, tough skin 1
a: Renounce Religion, Heroism, Finesse


You were on level 10 of the Dungeon.
You worshipped Okawaru.
Okawaru was greatly pleased with you.
You visited 3 branches of the dungeon, and saw 12 of its levels.

You collected 394 gold pieces.

Inventory:

Hand Weapons
 N - a +0 short sword
Missiles
 c - 3 throwing nets
 d - 7 large rocks
 e - 3 atropa-tipped darts
 i - 29 poisoned darts
 u - 5 boomerangs (quivered)
 v - 73 stones
 F - 2 datura-tipped darts
 H - 2 javelins
 K - a silver javelin
Armour
 a - a +0 robe (worn)
 b - a +0 hat (worn)
 y - a +1 cloak of willpower (worn)
 E - a scarf of invisibility
 M - a +0 kite shield
Jewellery
 f - an amulet of the acrobat
 C - a ring of wizardry
Wands
 l - a wand of flame (25)
Scrolls
 g - 4 scrolls of poison
 h - 4 scrolls of blinking {unknown}
 j - 3 scrolls of amnesia {unknown}
 m - 2 scrolls of torment {unknown}
 n - 2 scrolls of noise {unknown}
 p - a scroll of fear {unknown}
 s - 5 scrolls of silence
 A - a scroll of butterflies {unknown}
 B - 4 scrolls of teleportation {unknown}
 D - a scroll of magic mapping {unknown}
 G - 2 scrolls of enchant weapon {unknown}
 J - 4 scrolls of identify
 L - a scroll of enchant armour {unknown}
Potions
 k - 2 potions of brilliance {unknown}
 o - a potion of cancellation {unknown}
 q - a potion of mutation {unknown}
 r - 3 potions of haste
 t - 2 potions of ambrosia {unknown}
 w - 2 potions of attraction
 x - 4 potions of curing
 z - 2 potions of might
 I - a potion of flight {unknown}
 O - a potion of heal wounds {unknown}
 P - 2 potions of lignification {unknown}


   Skills:
 + Level 6.4(11.4) Fighting
 + Level 7.1(12.1) Throwing
 - Level 3.0(8.0) Armour
 + Level 6.3(11.3) Dodging
 * Level 11.1(16.1) Unarmed Combat
 + Level 3.0 Invocations


You had 10 spell levels left.
You didn't know any spells.
Your spell library contained the following spells:

 Spells                   Type           Power      Damage    Failure   Level
 Apportation              Tloc           0%         N/A       50%         1
 Beastly Appendage        Tmut           0%         N/A       50%         1
 Foxfire                  Conj/Fire      0%         2x1d4     50%         1
 Necrotise                Necr           0%         1d4       50%         1
 Wereblood                Tmut           0%         N/A       65%         2
 Spider Form              Tmut/Pois      0%         N/A       86%         3
 Alistair's Intoxication  Tmut/Pois      0%         N/A       100%        5
 Borgnjor's Vile Clutch   Necr/Erth      0%         N/A       100%        5
 Fireball                 Conj/Fire      0%         3d3       100%        5
 Eringya's Noxious Bog    Tmut/Pois      0%         N/A       100%        6
 Plasma Beam              Fire/Air       0%         2x1d11    100%        6
 Starburst                Conj/Fire      0%         6d3       100%        6
 Summon Small Mammal      Summ           Unusable   N/A       N/A         1

Dungeon Overview and Level Annotations

Branches:
Dungeon (10/15)            Temple (1/1) D:5            Lair (1/5) D:9
    Orc (0/2) D:10

Altars:
Ashenzari
Cheibriados
Dithmenos
Elyvilon
Fedhas
Gozag
Hepliaklqana
Kikubaaqudgha
Makhleb
Nemelex Xobeh
Okawaru
Qazlal
Ru
Sif Muna
Trog
Uskayaw
Vehumet
Wu Jian
Xom
Yredelemnul
Zin
The Shining One

Annotations:
D:10 Erolcha


Innate Abilities, Weirdness & Mutations

You are too large for most types of armour.
You have claws for hands.
Your natural rate of healing is unusually fast.
You are covered in fur. (AC +1)
You have tough skin. (AC +1)


Message History

The ice dragon bites you. The ice dragon closely misses you.
The ice dragon barely misses you.
You mangle the ice dragon!!
The ice dragon is severely wounded.
You mangle the ice dragon!!
You kill the ice dragon!
Okawaru accepts your kill.
Your base Unarmed Combat skill increases to level 11!
You see here an ice dragon corpse.
Okay, then.
HP restored.
A howler monkey simulacrum is nearby!
Erolcha the Cunning comes into view.
She is wielding a +0 giant spiked club and wearing a +2 robe of willpower.
Erolcha shouts!
Erolcha casts a spell.
Erolcha flickers and vanishes!
Deactivating autopickup; reactivate with Ctrl-A.
You claw the howler monkey simulacrum!
The howler monkey simulacrum vaporises!
Okawaru accepts your kill.
You feel like a meek peon again.
Your claws slow down.
You hear some strange, mumbled words.
A fireball appears from out of thin air!
The fireball explodes!
The fireball engulfs you!!! Something hits you!!!
Okay, then.
Okay, then.
You gain the combat prowess of a mighty hero.
You claw something! Something hits you!
* * * LOW HITPOINT WARNING * * *
It was a potion of might.
You feel very mighty all of a sudden.
You eviscerate something!!!
You hear some strange, mumbled words.
It was a potion of attraction.
You feel attractive to monsters. Something is attracted toward you.
You closely miss something. Something hits you!!
You die...

####.#### #.................
###.......## #...............#
##..........## #..........<..##
#............## ##............##
#.............#####........#....
##...............###.......####..
#...............§....##..### ##.
#........^......{§...##### #.
#...............@##.## #.
.................##.# #.
≈≈≈.........†....#..# #.
≈................#..# #.
≈.≈..............#..# #.
..≈..............#..#
≈≈≈..............#.##
....))...........#.#
≈≈≈)))..........#..#


There were no monsters in sight!

Vanquished Creatures
  An ice dragon (D:10)
  Pikel (D:5)
  A cyclops (D:10)
  A cane toad (Lair:1)
  2 rime drakes (D:9)
  2 hornets
  Prince Ribbit (D:9)
  Grinder (D:3)
  Sigmund (D:5)
  A vampire (D:9)
  A wyvern (D:8)
  A shadow (D:10)
  2 yaks
  2 steam dragons
  Menkaure (D:5)
  2 vampire mosquitoes (D:6)
  2 water moccasins
  Duvessa (D:5)
  2 orc warriors
  2 sky beasts (D:7)
  An ice beast (D:5)
  A black bear (D:5)
  An ogre (D:6)
  6 centaurs
  A phantom (D:7)
  2 kobold brigands
  3 bullfrogs
  5 scorpions
  12 wights
  Dowan (D:5)
  4 killer bees
  An electric eel (D:6)
  3 howler monkeys
  5 hounds (D:6)
  4 jellies
  A gnoll bouda (D:7)
  2 sleepcaps
  9 orc wizards
  3 iguanas
  8 gnolls
  11 adders
  A shadow imp (D:6)
  A howler monkey simulacrum (D:10)
  2 ufetubi (D:5)
  2 worms (D:2)
  A dart slug (D:2)
  27 orcs
  3 bats
  6 endoplasms
  3 giant cockroaches (D:2)
  4 hobgoblins
  2 jackals (D:1)
  15 kobolds
  4 quokkas
  6 ball pythons
  2 frilled lizards
  7 goblins
  5 rats
203 creatures vanquished.

Notes
Turn   | Place    | Note
-------+----------+-------------------------------------------
     0 | D:1      | Ironcache the Troll Gladiator began the quest for the Orb.
     0 | D:1      | Reached XP level 1. HP: 19/19 MP: 0/0
   332 | D:1      | Reached XP level 2. HP: 22/28 MP: 1/1
   970 | D:2      | Reached XP level 3. HP: 35/35 MP: 2/2
  1329 | D:3      | Reached XP level 4. HP: 42/42 MP: 3/3
  1353 | D:3      | Reached skill level 1 in Armour
  1383 | D:3      | Noticed Grinder
  1390 | D:3      | Paralysed by Grinder for 2 turns
  1406 | D:3      | Paralysed by Grinder for 2 turns
  1409 | D:3      | Killed Grinder
  1410 | D:3      | Reached skill level 4 in Unarmed Combat
  1410 | D:3      | Reached XP level 5. HP: 24/50 MP: 4/4
  1544 | D:3      | Reached XP level 6. HP: 59/59 MP: 5/5
  1645 | D:3      | Found an ancient bone altar of Kikubaaqudgha.
  1659 | D:3      | Identified the +0 scale mail of the Northern Lights
                  | {Rampage rN+ rCorr Dex+3}
  2224 | D:4      | Found a glowing silver altar of Zin.
  2586 | D:4      | Reached skill level 5 in Unarmed Combat
  3204 | D:5      | Entered Level 5 of the Dungeon
  3205 | D:5      | Noticed Sigmund
  3343 | D:5      | Noticed Dowan
  3378 | D:5      | Killed Dowan
  3379 | D:5      | Reached XP level 7. HP: 67/67 MP: 6/6
  3409 | D:5      | Found a staircase to the Ecumenical Temple.
  3418 | Temple   | Entered the Ecumenical Temple
  3432 | Temple   | Became a worshipper of Warmaster Okawaru
  3740 | D:5      | Noticed Menkaure
  4085 | D:6      | Reached * piety under Okawaru
  4086 | D:6      | Reached skill level 6 in Unarmed Combat
  4128 | D:6      | Noticed a steam dragon
  4150 | D:6      | Killed a steam dragon
  4151 | D:6      | Reached skill level 1 in Invocations
  4151 | D:6      | Reached XP level 8. HP: 11/76 MP: 4/7
  4343 | D:6      | Reached skill level 7 in Unarmed Combat
  4871 | D:6      | Reached ** piety under Okawaru
  5273 | D:7      | Reached XP level 9. HP: 81/84 MP: 9/9
  5507 | D:7      | Reached skill level 5 in Throwing
  5562 | D:7      | Reached skill level 8 in Unarmed Combat
  5622 | D:7      | Reached *** piety under Okawaru
  6805 | D:8      | Reached skill level 5 in Fighting
  6845 | D:8      | Received a gift from Okawaru
  7216 | D:9      | Noticed Prince Ribbit
  7237 | D:9      | Killed Prince Ribbit
  7238 | D:9      | Reached skill level 5 in Dodging
  7238 | D:9      | Reached skill level 9 in Unarmed Combat
  7438 | D:5      | Found a broken altar of Ashenzari.
  7711 | D:5      | Noticed Pikel
  7726 | D:5      | Killed Pikel
  7727 | D:5      | Reached XP level 10. HP: 85/96 MP: 11/11
  7741 | D:5      | Identified the +12 hand axe of Nuolaj {drain, rPois Will-
                  | Dex+5}
  7776 | D:5      | Reached **** piety under Okawaru
  7868 | D:5      | Killed Menkaure
  7961 | D:5      | Killed Sigmund
  7990 | D:5      | Found a large runed translucent door.
  7991 | D:5      | Found a large runed translucent door.
  8044 | D:5      | Found a burning altar of Makhleb.
  8139 | D:5      | Noticed Duvessa
  8144 | D:5      | Killed Duvessa
  8224 | D:5      | Found a white marble altar of Elyvilon.
  8238 | D:5      | Found a shadowy altar of Dithmenos.
  8384 | D:5      | Received a gift from Okawaru
  8673 | D:9      | Reached skill level 10 in Unarmed Combat
  8793 | D:9      | Found a staircase to the Lair.
  9277 | Lair:1   | Entered Level 1 of the Lair of Beasts
  9277 | Lair:1   | Noticed a cane toad
  9282 | Lair:1   | Killed a cane toad
  9282 | Lair:1   | Received a gift from Okawaru
  9345 | D:9      | Paralysed by a hornet for 2 turns
  9526 | D:10     | Entered Level 10 of the Dungeon
  9526 | D:10     | Found an opulent altar of Gozag.
  9618 | D:10     | Found a shimmering blue altar of Sif Muna.
  9619 | D:10     | Identified the +5 falchion of Alugi {freeze, *Rage rPois
                  | Str+3}
  9738 | D:10     | Noticed a cyclops
  9756 | D:10     | Killed a cyclops
  9794 | D:10     | Noticed an ice dragon
  9817 | D:9      | Reached XP level 11. HP: 33/105 MP: 9/12
  9928 | D:10     | Found a staircase to the Orcish Mines.
 10053 | D:10     | Killed an ice dragon
 10054 | D:10     | Reached skill level 11 in Unarmed Combat
 10067 | D:10     | Noticed Erolcha
 10087 | D:10     | Slain by Erolcha

Illustrated notes

Levels and vault maps discovered:
D:1:      scummos_arrival_simple_fountains, layout_loops_ring,
          minmay_hedge_maze, dreamdust_princess_bridge
D:2:      wander_river, layout_loops_cross
D:3:      layout_basic, mainiacjoe_overflow_chevrons, uniq_grinder
D:4:      layout_loops_ring, lemuel_tele_altar, lemuel_flame_loot_1
D:5:      layout_loops_corners, lightli_temple_of_fire,
          mainiacjoe_overflow_alcove_4, jmf_multi_god_temple2,
          minmay_temple_entry_glass, lemuel_flamethrower_2, uniq_sigmund,
          uniq_duvessa, uniq_menkaure, uniq_pikel
D:6:      layout_layer_cave, minmay_misc_feat_x, grunt_decor_cap,
          kennysheep_potato
D:7:      layout_basic
D:8:      layout_basic, uniq_erica
D:9:      layout_long_grid, grunt_lair_entry_orc_guard_hut, uniq_prince_ribbit1
D:10:     minmay_coctagon, layout_cave_pods,
          mainiacjoe_overflow_large_starburst, orc_0_dummy, nrook_pool_corridor,
          uniq_erolcha
Temple:   nicolae_temple_two_arcs
Lair:1:   layout_misc_corridors, grunt_megastairs_4

Skill      XL: |  1  2  3  4  5  6  7  8  9 10 11 |
---------------+----------------------------------+-----
Throwing       | 2 3 4 6 7 |  7.1
Fighting       | 2 3 4 5 6 |  6.4
Armour         | 1 2 3 |  3.0
Dodging        | 3 4 5 6 |  6.3
Unarmed Combat | 4 5 6 7 9 10 11 | 11.1
Invocations    | 1 2 3 |  3.0

Action                     |  1- 3 |  4- 6 |  7- 9 | 10-12 || total
---------------------------+-------+-------+-------+-------++-------
  Melee: Unarmed           |    61 |   133 |   288 |   164 ||   646
         Punch             |       |     3 |     9 |     9 ||    21
  Throw: Boomerang         |       |       |       |     3 ||     3
 Invoke: Heroism           |       |       |     4 |     6 ||    10
         Finesse           |       |       |       |     1 ||     1
    Use: Scroll            |       |       |     4 |       ||     4
         Potion            |       |       |       |     2 ||     2
   Stab: Sleeping          |     1 |       |       |       ||     1
 Armour: Robe              |    12 |    29 |    93 |    44 ||   178
  Dodge: Dodged            |    20 |    53 |   127 |    91 ||   291
